 Dungeon Crawl Stone Soup version 0.28-a0-1236-gb25a51b929 (webtiles) character file.

Game seed: 5399089306986095176

5385 avis the Grappler (level 10, 0/72 HPs)
             Began as an Octopode Transmuter on Dec 25, 2021.
             Was an Initiate of Gozag.
             Slain by a yak (11 damage)
             ... on level 8 of the Dungeon.
             The game lasted 01:03:41 (13314 turns).

avis the Grappler (Octopode Transmuter)            Turns: 13314, Time: 01:03:41

Health: 0/72       AC:  2    Str: 14    XL:     10   Next: 66%
Magic:  11/16      EV: 22    Int: 15    God:    Gozag
Gold:   420        SH:  0    Dex: 18    Spells: 0/17 levels left

rFire   x . .      SeeInvis .     - Unarmed
rCold   + . .      Faith    .   (shield currently unavailable)
rNeg    . . .      Spirit   .   (helmet currently unavailable)
rPois   x          Reflect  .   (no amulet)
rElec   .          Harm     .   z - ring of wizardry
rCorr   .          Rampage  .   x - ring of ice
Will    .....                   (no ring)
Stlth   ++........              (no ring)
HPRegen 0.22/turn               (no ring)
MPRegen 0.15/turn               (no ring)
                                (no ring)
                                (no ring)

@: spider-form, gold aura
A: venomous fangs, almost no armour, (amphibious), 8 rings, tiny, (camouflage
1), (gelatinous body 1), (nimble swimmer 1), (tentacles)
a: End Transformation, Renounce Religion, Potion Petition, Call Merchant, Bribe
Branch


You were on level 8 of the Dungeon.
You worshipped Gozag.
Gozag was aware of your devotion.
You were a venomous arachnid creature.
You visited 2 branches of the dungeon, and saw 10 of its levels.

You collected 764 gold pieces.
You spent 300 gold pieces at shops.
You paid 44 gold pieces to Gozag.

Inventory:

Hand Weapons
 a - a +2 mace
 c - a +1 vorpal spear
 d - the +5 scythe "Finisher" {speed, eviscerate}
   (You found it on level 7 of the Dungeon)

   Attacks with this weapon are significantly faster.
   It may eviscerate those it strikes, slaying them instantly, with a decreasing
   chance against stronger foes.
 y - a +2 short sword of electrocution
 D - a +2 whip of freezing
 E - a +1 dagger of venom
 F - a +0 dagger of distortion
Missiles
 g - 36 stones
 i - 18 bolts
 q - 2 boomerangs
 s - 17 poisoned darts
 C - 44 arrows
Armour
 b - a +0 kite shield
Jewellery
 x - a ring of ice (right front leg)
 z - a ring of wizardry (left front leg)
Wands
 v - a wand of flame (18)
 w - a wand of iceblast (4)
Scrolls
 e - a scroll of immolation {unknown}
 h - 2 scrolls of enchant weapon
 j - 2 scrolls of fog {unknown}
 l - a scroll of teleportation {unknown}
 n - 2 scrolls of amnesia
 p - a scroll of summoning {unknown}
 r - 2 scrolls of noise {unknown}
 u - 2 scrolls of magic mapping {unknown}
Potions
 f - a potion of flight
 k - a potion of cancellation {unknown}
 m - a potion of haste
 o - a potion of brilliance
 t - a potion of invisibility {unknown}
 B - a potion of lignification {unknown}
Miscellaneous
 A - a piece from Xom's chessboard (15/15)


   Skills:
 * Level 7.7 Fighting
 - Level 5.0 Dodging
 - Level 2.0 Stealth
 - Level 11.0 Unarmed Combat
 - Level 4.0 Spellcasting
 - Level 4.0 Transmutations
 - Level 4.0 Ice Magic
 - Level 2.0 Poison Magic


You couldn't memorise any spells.
You knew the following spells:

 Your Spells              Type           Power      Damage    Failure   Level
a - Beastly Appendage     Tmut           30%        N/A       4%          1
e - Wereblood             Tmut           15%        N/A       6%          2
f - Frozen Ramparts       Ice            44%        1d6       11%         3
p - Spider Form           Tmut/Pois      12%        N/A       14%         3
q - Ice Form              Ice/Tmut       22%        N/A       26%         4
s - Hailstorm             Conj/Ice       13%        3d5       45%         4

Your spell library contained the following spells:

 Spells                   Type           Power      Damage    Failure   Level
 Freeze                   Ice            88%        1d10      4%          1
 Sting                    Tmut/Pois      48%        1d5       6%          1
 Animate Skeleton         Necr           6%         N/A       16%         1
 Apportation              Tloc           6%         N/A       16%         1
 Pain                     Necr           12%        1d4       16%         1
 Summon Small Mammal      Summ           12%        N/A       16%         1
 Poisonous Vapours        Pois/Air       12%        N/A       16%         2
 Vampiric Draining        Necr           3%         2d6       36%         3
 Olgreb's Toxic Radiance  Pois           9%         N/A       45%         4


Dungeon Overview and Level Annotations

Branches:
Dungeon (9/15)             Temple (1/1) D:5
   Lair: D:8-11         Orc: D:9-12

Altars:
Ashenzari
Cheibriados
Dithmenos
Elyvilon
Fedhas
Gozag
Hepliaklqana
Kikubaaqudgha
Makhleb
Nemelex Xobeh
Okawaru
Qazlal
Ru
Sif Muna
Trog
Uskayaw
Vehumet
Wu Jian
Xom
Yredelemnul
Zin
The Shining One

Shops:
D:4 [   D:5 =*

Annotations:
D:4 1 runed translucent door, ThrustWizard's ghost, amateur DsWn
D:9 Erica


Innate Abilities, Weirdness & Mutations

You are a venomous arachnid creature.
You have poisonous fangs.
You are tiny and dextrous.
Your spellcasting is less reliable in this form.
Your armour is entirely melded.
You are incapable of wielding weapons or throwing items.
You cannot wear most types of armour.
((You are amphibious.))
You can wear up to eight rings at the same time.
((Your skin changes colour to match your surroundings (Stealth+).))
((Your rubbery body absorbs attacks. (AC +1, EV +1)))
((You are camouflaged when in or above water. (Stealth+)))
((You have tentacles for arms and can constrict up to eight enemies at once.))


Message History

The yak is severely wounded.
The yak is distracted by your dazzling golden aura.
You catch the helpless yak completely off-guard!
You bite the yak!
The yak is no longer distracted by gold.
The yak is almost dead.
The yak closely misses you.
You hit the yak.
You kill the yak!
You hit the yak.
The yak is poisoned.
The yak is lightly wounded.
The yak gores you!
You hit the yak.
The yak looks as sick as possible!
The yak is moderately wounded.
You bite the yak!
The yak is severely wounded.
The yak gores you.
You hit the yak.
The yak looks as sick as possible!
The yak is severely wounded.
The yak gores you!
You bite the yak!
You kill the yak!
The yak is distracted by your dazzling golden aura.
You see here 66 gold pieces.
The yak bellows!
You hit the yak.
The yak is no longer distracted by gold.
The yak is lightly wounded.
The yak misses you.
Your transformation has ended.
You barely miss the yak.
The yak is lightly wounded.
The yak gores you!
* * * LOW HITPOINT WARNING * * *
Casting: Spider Form (dangerous; 6% risk of failure)
Confirm with . or Enter, or press ? or * to list all spells.
You turn into a venomous arachnid creature.
The yak gores you!
You die...
Your body crumbles into a pile of gold.

#.......# #.......
#...... #|....
#.... ... ## #.#
#. #Y# ######## #.
#s######......###.
#.................
########.)....###.
#......# ##
#>.....# ########


You could see a yak.

Vanquished Creatures
  Psyche (D:9)
  A kobold demonologist (D:9)
  A troll (D:7)
  A hornet (D:8)
  Grinder (D:4)
  A wyvern (D:9)
  A steam dragon (D:9)
  3 wraiths (D:7)
  4 yaks (D:8)
  Duvessa (D:6)
  2 water moccasins (D:7)
  2 ice beasts
  A black bear (D:3)
  An ogre (D:5)
  2 centaurs
  A phantom (D:4)
  4 kobold brigands
  A wyvern zombie (D:8)
  A gnoll sergeant (D:7)
  2 scorpions
  Dowan (D:6)
  3 killer bees (D:8)
  8 wights (D:7)
  3 electric eels
  2 bullfrog zombies
  A howler monkey (D:8)
  3 jellies (D:7)
  5 hounds
  3 centaur skeletons
  Crazy Yiuf (D:2)
  3 orc priests
  2 bullfrog skeletons (D:5)
  Natasha (thrice) (D:2)
  3 iguanas (D:5)
  2 scorpion zombies (D:5)
  An orc wizard (D:7)
  5 adders
  5 gnolls (D:7)
  2 white imps
  A worm (D:2)
  3 dart slugs
  10 orcs
  7 bats
  13 endoplasms
  3 giant cockroaches (D:1)
  4 goblins
  4 hobgoblins
  8 jackals (D:1)
  18 kobolds
  11 ball pythons
  3 frilled lizards (D:1)
  8 rats
181 creatures vanquished.

Notes
Turn   | Place    | Note
-------+----------+-------------------------------------------
     0 | D:1      | avis the Octopode Transmuter began the quest for the Orb.
     0 | D:1      | Reached XP level 1. HP: 13/13 MP: 3/3
    92 | D:1      | Reached skill level 1 in Stealth
   167 | D:1      | Reached XP level 2. HP: 8/19 MP: 5/5
   854 | D:1      | Reached skill level 1 in Poison Magic
   861 | D:1      | Reached XP level 3. HP: 24/24 MP: 6/6
   865 | D:1      | Learned a level 3 spell: Spider Form
  1320 | D:1      | Found a faded altar of an unknown god.
  1858 | D:2      | Found a runed translucent door.
  1859 | D:2      | Noticed Crazy Yiuf
  2033 | D:2      | Found a glowing golden altar of the Shining One.
  2104 | D:2      | Noticed Natasha
  2128 | D:2      | Killed Natasha
  2129 | D:2      | Reached skill level 4 in Unarmed Combat
  2129 | D:2      | Reached XP level 4. HP: 19/29 MP: 2/7
  2306 | D:2      | Noticed Natasha
  2310 | D:2      | Killed Natasha
  2596 | D:2      | Noticed Natasha
  2605 | D:2      | Killed Natasha
  2606 | D:2      | Reached XP level 5. HP: 32/36 MP: 4/8
  3546 | D:2      | Killed Crazy Yiuf
  3724 | D:2      | Learned a level 4 spell: Ice Form
  4181 | D:3      | Noticed a black bear
  4194 | D:3      | Killed a black bear
  4195 | D:3      | Reached skill level 5 in Unarmed Combat
  4195 | D:3      | Reached XP level 6. HP: 26/42 MP: 6/9
  5561 | D:4      | Noticed Grinder
  5649 | D:4      | Killed Grinder
  5650 | D:4      | Reached skill level 1 in Ice Magic
  5650 | D:4      | Reached XP level 7. HP: 26/46 MP: 6/11
  6020 | D:4      | Found a white marble altar of Elyvilon.
  6022 | D:4      | Found a basalt altar of Yredelemnul.
  6022 | D:4      | Found a hide-covered altar of Uskayaw.
  6022 | D:4      | Found a stormy altar of Qazlal.
  6030 | D:4      | Found a blossoming altar of Fedhas.
  6035 | D:4      | Found an iron altar of Okawaru.
  6110 | D:4      | Found a runed translucent door.
  6110 | D:4      | Noticed ThrustWizard's ghost (amateur DsWn)
  6128 | D:4      | Found Jiex's Antique Armour Emporium.
  6438 | D:4      | Learned a level 3 spell: Frozen Ramparts
  6453 | D:5      | Entered Level 5 of the Dungeon
  6607 | D:5      | Found Boist's Assorted Antiques.
  7014 | D:5      | Reached XP level 8. HP: 40/52 MP: 5/12
  7577 | D:5      | Found a staircase to the Ecumenical Temple.
  7579 | D:5      | Found Xiunuw's Jewellery Shop.
  7607 | Temple   | Entered the Ecumenical Temple
  7691 | Temple   | Became a worshipper of Gozag Ym Sagoz the Greedy
  8044 | D:5      | Reached skill level 6 in Unarmed Combat
  8594 | D:6      | Noticed Dowan
  8595 | D:6      | Noticed Duvessa
  8678 | D:6      | Killed Dowan
  8679 | D:6      | Reached skill level 7 in Unarmed Combat
  8744 | D:6      | Killed Duvessa
  9301 | D:6      | Learned a level 2 spell: Wereblood
  9373 | D:7      | Reached XP level 9. HP: 58/58 MP: 11/15
  9642 | D:7      | Reached skill level 8 in Unarmed Combat
 10088 | D:5      | Bought a ring of wizardry for 300 gold pieces
 10249 | D:7      | Noticed a skeletal warrior
 10514 | D:7      | Noticed a troll
 10522 | D:7      | Killed a troll
 10608 | D:7      | Reached skill level 9 in Unarmed Combat
 10875 | D:7      | Reached skill level 5 in Fighting
 11279 | D:7      | Found the +5 scythe "Finisher" {speed, eviscerate}
 11289 | D:7      | Reached skill level 5 in Dodging
 11641 | D:8      | Identified the +1 ring mail of the End {rPois Will+ Str+2}
 11721 | D:8      | Reached skill level 10 in Unarmed Combat
 11725 | D:8      | Reached XP level 10. HP: 60/66 MP: 13/16
 12713 | D:8      | Reached skill level 11 in Unarmed Combat
 12713 | D:8      | You fall into a shaft and drop 1 floor!
 12764 | D:9      | Noticed Psyche
 12768 | D:9      | Killed Psyche
 12837 | D:9      | Noticed a kobold demonologist
 12844 | D:9      | Killed a kobold demonologist
 12856 | D:9      | Noticed Erica
 13114 | D:8      | Learned a level 4 spell: Hailstorm
 13314 | D:8      | Slain by a yak

Illustrated notes

Levels and vault maps discovered:
D:1:      dpeg_arrival_leaves_temple_mockup, layout_basic,
          nicolae_ecumenical_snake_handling
D:2:      layout_basic, basic_altar, uniq_natasha, uniq_crazy_yiuf_cottage
D:3:      layout_loops_cross
D:4:      layout_gridville, minmay_overflow_temple_hex, gammafunk_ghost_grave,
          serial_shops, shop, uniq_grinder
D:5:      layout_loops_ring, minmay_temple_entry_arrows, serial_shops,
          nicolae_shop_waterfront, nicolae_shop_trees
D:6:      layout_cave_pools, uniq_duvessa
D:7:      layout_layer_cave, kennysheep_cross_room,
          minmay_guarded_unrand_finisher
D:8:      layout_basic, minivault_14, hellmonk_bongcloud_opening
D:9:      layout_gridville, dilly_guarded_unrand_elemental_staff, uniq_psyche,
          uniq_prince_ribbit1, uniq_erica, uniq_maggie
Temple:   nicolae_temple_elliptical

Skill      XL: |  1  2  3  4  5  6  7  8  9 10 |
---------------+-------------------------------+-----
Stealth        | 1 2 |  2.0
Fighting       | 2 3 4 5 7 |  7.7
Poison Magic   | 1 2 |  2.0
Unarmed Combat | 4 5 7 10 11 | 11.0
Dodging        | 3 4 5 |  5.0
Transmutations | 4 |  4.0
Spellcasting   | 3 4 |  4.0
Ice Magic      | 1 4 |  4.0

Action                   |  1- 3 |  4- 6 |  7- 9 | 10-12 || total
-------------------------+-------+-------+-------+-------++-------
Melee: Unarmed           |    96 |    94 |   252 |    98 ||   540
       Constrict         |    19 |     1 |     4 |       ||    24
       Kick              |    16 |       |     1 |       ||    17
       Tentacles         |    11 |     1 |     3 |     1 ||    16
       Punch             |     1 |       |     2 |     1 ||     4
 Cast: Beastly Appendage |    22 |     1 |     3 |       ||    26
       Spider Form       |     6 |    32 |    19 |     2 ||    59
       Ice Form          |       |     1 |    22 |     8 ||    31
 Abil: End Transformatio |       |       |     1 |       ||     1
Evoke: Wand              |       |       |       |     3 ||     3
  Use: Scroll            |       |       |     8 |     1 ||     9
       Potion            |       |       |       |     2 ||     2
 Stab: Sleeping          |     7 |     1 |     3 |     1 ||    12
       Distracted        |       |       |       |     3 ||     3
Armor: Skin              |     4 |       |    40 |    15 ||    59
Dodge: Dodged            |    46 |    66 |   136 |    33 ||   281

Table legend: (Time is in decaauts)
 A = Elapsed time spent in this place.
 B = Non-inter-level travel time spent in this place.
 C = Inter-level travel time spent in this place.
 D = Time resting spent in this place.
 E = Time spent auto-exploring this place.
 F = Levels seen in this place.
 G = Mean time per level.
                   A        B        C        D        E       F      G
               +--------+--------+--------+--------+--------+-----+--------+
         Total |  13294 |  12307 |    987 |   4392 |   5044 |  10 | 1329.4 |
       Dungeon |  13076 |  12112 |    964 |   4392 |   4909 |   9 | 1452.9 |
        Temple |    218 |    195 |     23 |      0 |    135 |   1 |  218.0 |
               +--------+--------+--------+--------+--------+-----+--------+

Top non-repeatable levels by time:
     D:7: 2128 daAuts
     D:2: 2012 daAuts
     D:1: 1980 daAuts
     D:4: 1740 daAuts
     D:8: 1391 daAuts
     D:3: 1304 daAuts
     D:5: 1280 daAuts
     D:6: 1081 daAuts
  Temple: 218 daAuts
     D:9: 156 daAuts
